 Dungeon Crawl Stone Soup version 0.31-a0-237-g2d982f9 (webtiles) character file.

Game seed: 8830707110609646083

2 Dawnplanks the Gusty (level 1, 5/10 HPs)
             Began as a Tengu Air Elementalist on July 11, 2023.
             Quit the game on level 1 of the Dungeon.
             The game lasted 00:00:11 (74 turns).

Dawnplanks the Gusty (Tengu Air Elementalist)         Turns: 74, Time: 00:00:11

Health: 5/10       AC:  2    Str:  8    XL:     1   Next: 30%
Magic:  0/4        EV: 12    Int: 15    God:
Gold:   47         SH:  0    Dex: 14    Spells: 3/4 levels left

rFire   . . .        (no weapon)
rCold   . . .        (no shield)
rNeg    . . .        a - +0 robe
rPois   .            (helmet restricted)
rElec   .            (no cloak)
rCorr   .            (no gloves)
SInv    .            (boots unavailable)
Will    .....        (no amulet)
Stlth   ++           (no ring)
HPRegen 0.21/turn    (no ring)
MPRegen 0.09/turn

%: no passive effects
@: no status effects
A: beak, talons 3
a: no special abilities


You were on level 1 of the Dungeon.
You visited 1 branch of the dungeon, and saw 1 of its levels.

You collected 47 gold pieces.

Inventory:

Armour
 a - a +0 robe (worn)
Potions
 b - a potion of magic
 c - a potion of invisibility {unknown}
 d - a potion of heal wounds {unknown}


   Skills:
 + Level 2.2 Dodging
 - Level 2.0 Stealth
 + Level 2.0 Spellcasting
 + Level 1.3 Conjurations
 + Level 4.1 Air Magic


You had 3 spell levels left.
You knew the following spells:

 Your Spells              Type           Power      Damage    Failure   Level
a - Shock                 Conj/Air       36%        1d5       8%          1

Your spell library contained the following spells:

 Spells                   Type           Power      Damage    Failure   Level
 Static Discharge         Conj/Air       18%        2-3/arc   11%         2
 Swiftness                Air            13%        N/A       12%         3
 Airstrike                Air            6%         2d(1-17)  38%         4


Dungeon Overview and Level Annotations

Branches:
Dungeon (1/15)

Altars:


Innate Abilities, Weirdness & Mutations

You have a beak for a mouth.
You have claws for feet.


Message History

A kobold comes into view. It is wielding a +0 club.
You miscast Shock.
You are very lightly contaminated with residual magic.
Nothing appears to happen.
The zap hits the kobold.
The kobold is moderately wounded.
The kobold shouts!
A kobold comes into view. It is wielding a +0 dagger.
The zap misses the kobold.
The kobold shouts!
You hear a bark! x2
The zap hits the kobold.
You kill the kobold!
The kobold throws a stone.
The stone closely misses you.
You are out of magic!
You are out of magic!
You are out of magic!
A kobold is nearby!
A jackal comes into view.
A bat comes into view.
A jackal comes into view. x2
A jackal comes into view.
The jackal barks!
You hit the kobold but do no damage. Your kick misses the kobold.
The kobold is moderately wounded.
The jackal stops to sniff the ground.
The kobold barely misses you.
Your magical contamination has completely faded away.
You barely miss the kobold. You claw the kobold.
You kill the kobold!
The jackal bites you. The bat barely misses you.
The jackal completely misses you.
You closely miss the bat. The bat hits you but does no damage.
The jackal barely misses you.
The jackal bites you but does no damage.
You miss the bat. Your kick misses the bat. Your peck misses the bat.
The bat closely misses you. The jackal closely misses you.
The jackal bites you. x2
The jackal bites you but does no damage.
The jackal bites you.
The jackal bites you but does no damage.
You are too injured to fight recklessly!
Are you sure you want to abandon this character and quit the game? (Confirm with "yes".)

#.........##
..........
##........#
#.........#
#......b..#
#.........####
#.....)h......
#.....@h..#
##..>.hh).#
##>....#...#
#..## ####.##
#.# #... # #.#
.# ##..#...
#.# . ...##..
#.# ###...#8.
#.#
####....###.
#.#
#.......##..


You could see 4 jackals and a bat.

Vanquished Creatures
  2 kobolds (D:1)
2 creatures vanquished.

Notes
Turn   | Place    | Note
-------+----------+-------------------------------------------
     0 | D:1      | Dawnplanks the Tengu Air Elementalist began the quest for
                  | the Orb.
     0 | D:1      | Reached XP level 1. HP: 10/10 MP: 4/4
    74 | D:1      | Quit the game

Illustrated notes

Levels and vault maps discovered:
D:1:      eino_arrival_water_star, layout_rooms

Action                     || total
---------------------------++-------
  Melee: Unarmed           ||     4
         Kick              ||     1
   Cast: Shock             ||     3
 Armour: Robe              ||     4
  Dodge: Dodged            ||     7

Table legend: (Time is in decaauts)
 A = Elapsed time spent in this place.
 B = Non-inter-level travel time spent in this place.
 C = Inter-level travel time spent in this place.
 D = Time resting spent in this place.
 E = Time spent auto-exploring this place.
 F = Levels seen in this place.
 G = Mean time per level.
                   A        B        C        D        E       F      G
               +--------+--------+--------+--------+--------+-----+--------+
         Total |     74 |     74 |      0 |      0 |     59 |   1 |   74.0 |
       Dungeon |     74 |     74 |      0 |      0 |     59 |   1 |   74.0 |
               +--------+--------+--------+--------+--------+-----+--------+

Top non-repeatable levels by time:
     D:1: 74 daAuts
